 Dungeon Crawl Stone Soup version 0.29-a0-1-gf2d273c862 (webtiles) character file.

Game seed: 13480347674139828944

1584 GordonOverkill the Cleaver (level 8, -5/132 HPs)
             Began as an Ogre Warper on Jan 26, 2022.
             Was an Initiate of Lugonu.
             Slain by an orc warrior (17 damage)
             ... on level 6 of the Dungeon.
             The game lasted 00:12:20 (7321 turns).

GordonOverkill the Cleaver (Ogre Warper)            Turns: 7321, Time: 00:12:21

Health: -5/132     AC:  4    Str: 18    XL:     8   Next: 92%
Magic:  11/11      EV:  9    Int: 20    God:    Lugonu [......]
Gold:   259        SH:  0    Dex:  8    Spells: 9/11 levels left

rFire   . . .      SeeInvis .   s - +8 spear of the Hills {vamp, rElec}
rCold   . . .      Faith    .   (no shield)
rNeg    . . .      Spirit   .   b - +0 robe
rPois   .          Reflect  .   t - +0 hat
rElec   +          Harm     .   f - +0 cloak
rCorr   .          Rampage  .   (gloves unavailable)
Will    .....                   (boots unavailable)
Stlth   ..........              (no amulet)
HPRegen 0.32/turn               g - +6 ring of intelligence
MPRegen 0.12/turn               (no ring)

@: berserking, very quick
A: large, unfitting armour, tough skin 1
a: Renounce Religion


You were on level 6 of the Dungeon.
You worshipped Lugonu.
Lugonu was noncommittal.
You visited 1 branch of the dungeon, and saw 6 of its levels.
You visited the Abyss 1 time.

You collected 259 gold pieces.

Inventory:

Hand Weapons
 m - a +0 dagger of venom
 p - a +0 hand axe of electrocution
 s - the +8 spear of the Hills (weapon) {vamp, rElec}
   (You found it on level 3 of the Dungeon)

   It occasionally heals its wielder for a portion of the damage dealt when it
   wounds a living foe.
   rElec:     It insulates you from electricity.
Missiles
 a - 5 boomerangs
 d - 5 boomerangs of dispersal (quivered)
 l - 6 poisoned darts
Armour
 b - a +0 robe (worn)
 f - a +0 cloak (worn)
 t - a +0 hat (worn)
Jewellery
 g - a +6 ring of intelligence (left hand)
 h - a ring of protection from fire
 k - an amulet of reflection
Wands
 r - a wand of paralysis (5)
 x - a wand of flame (13)
Scrolls
 c - 3 scrolls of blinking
 e - a scroll of magic mapping
 i - 2 scrolls of teleportation
 u - a scroll of amnesia {unknown}
Potions
 j - a potion of lignification
 o - a potion of ambrosia {unknown}
 w - 2 potions of attraction {unknown}
 z - a potion of mutation {unknown}


   Skills:
 + Level 8.0 Fighting
 * Level 8.4 Axes
 - Level 2.0 Throwing
 - Level 2.1 Dodging
 - Level 2.4 Spellcasting
 - Level 2.6 Translocations
 - Level 3.0 Evocations


You had 9 spell levels left.
You knew the following spells:

 Your Spells              Type           Power      Damage    Failure   Level
a - Blink                 Tloc           26%        N/A       8%          2

Your spell library contained the following spells:

 Spells                   Type           Power      Damage    Failure   Level
 Gell's Gravitas          Tloc           13%        N/A       16%         3
 Lesser Beckoning         Tloc           13%        N/A       16%         3
 Teleport Other           Tloc           13%        N/A       16%         3
 Manifold Assault         Tloc           13%        N/A       80%         5


Dungeon Overview and Level Annotations

Branches:
Dungeon (6/15)
 Temple: D:4-7

Altars:
Cheibriados
Qazlal
Zin


Innate Abilities, Weirdness & Mutations

You are too large for most types of armour.
You have tough skin. (AC +1)


Message History

The orc wizard hits you but does no damage.
You puncture the orc wizard!
You kill the orc wizard!
Lugonu accepts your kill.
A red film seems to cover your vision as you go berserk!
You feel yourself moving faster!
You feel mighty!
The orc warrior hits you with a +0 hand axe.
* * * LOW HITPOINT WARNING * * *
What are your orders? t - Shout!
Anything else - Cancel.
Okay, then.
You puncture the orc warrior!
You feel better.
The orc warrior is moderately wounded.
You closely miss the orc warrior. Your punch misses the orc warrior.
The orc warrior is moderately wounded.
The orc warrior hits you with a +0 hand axe.
* * * LOW HITPOINT WARNING * * *
You puncture the orc warrior!
The orc warrior is severely wounded.
You completely miss the orc warrior.
The orc warrior is severely wounded.
The orc warrior hits you with a +0 hand axe!
* * * LOW HITPOINT WARNING * * *
You impale the orc warrior!!
You feel better.
You kill the orc warrior!
Lugonu accepts your kill.
Your Fighting skill increases to level 8!
You puncture the orc!
You kill the orc!
Lugonu accepts your kill.
The orc warrior hits you with a +2 long sword of distortion!
* * * LOW HITPOINT WARNING * * *
Space warps horribly around you.
* * * LOW HITPOINT WARNING * * *
You puncture the orc warrior!
The orc warrior is heavily wounded.
The orc warrior hits you with a +2 long sword of distortion!
* * * LOW HITPOINT WARNING * * *
Space warps horribly around you!
You die...

#. .....###.# ##. ..
......##.#####.. $
........>.......
#$##......##.#####..
#.#..#...# #(# #..
#..o...# #.# #..
#.#o########.#####.#
#.#o# #.........#
#.#@## #.#######.#
#.o..# #.# #.#
...####..# #.# #.#
#.......# #.### #.#
...#####.# #...# #.#
#######.#######.# #.#
.............##.#####.#
#######.####.##.......#
#.####.##..######


You could see an orc warrior, an orc wizard and 2 orcs.

Vanquished Creatures
  Prince Ribbit (D:5)
  Eustachio (D:5)
  A water moccasin (D:5)
  A sky beast (D:6)
  A small abomination (Abyss:1)
  An orc warrior (D:6)
  2 black bears (D:4)
  A phantom (D:5)
  A centaur (D:4)
  A scorpion (D:6)
  A water moccasin zombie (D:6)
  A water moccasin skeleton (D:5)
  A bullfrog skeleton (D:6)
  A jelly (D:5)
  An iron imp (D:6)
  5 orc wizards
  2 iguanas
  Robin (D:3)
  3 adders
  4 gnolls
  A howler monkey skeleton (D:5)
  A white imp (D:5)
  A worm (D:4)
  4 dart slugs
  7 orcs
  7 ball pythons
  12 bats
  7 endoplasms
  6 giant cockroaches
  14 goblins
  6 hobgoblins
  6 kobolds
  3 quokkas
  4 frilled lizards
  A rat (D:3)
111 creatures vanquished.

Notes
Turn   | Place    | Note
-------+----------+-------------------------------------------
     0 | D:1      | GordonOverkill the Ogre Warper began the quest for the Orb.
     0 | D:1      | Reached XP level 1. HP: 22/22 MP: 3/3
   252 | D:1      | Reached XP level 2. HP: 29/31 MP: 5/5
   399 | D:1      | Learned a level 2 spell: Blink
   665 | D:1      | Found a faded altar of an unknown god.
  1025 | D:2      | Reached XP level 3. HP: 31/37 MP: 6/6
  2311 | D:3      | Found a stormy altar of Qazlal.
  2325 | D:3      | Noticed Robin
  2334 | D:3      | Reached XP level 4. HP: 48/48 MP: 7/7
  2345 | D:3      | Killed Robin
  3284 | D:2      | Reached XP level 5. HP: 36/54 MP: 8/8
  4009 | D:3      | Identified the +8 spear of the Hills {vamp, rElec}
  4197 | D:4      | Reached skill level 1 in Evocations
  4417 | D:4      | Noticed a black bear
  4429 | D:4      | Killed a black bear
  4430 | D:4      | Reached skill level 5 in Fighting
  4430 | D:4      | Reached XP level 6. HP: 65/66 MP: 9/9
  4520 | D:4      | Reached skill level 5 in Axes
  5056 | D:4      | Noticed a black bear
  5060 | D:4      | Killed a black bear
  5061 | D:4      | Reached XP level 7. HP: 68/72 MP: 10/10
  5120 | D:5      | Entered Level 5 of the Dungeon
  5510 | D:5      | Identified the +8 dagger of Impatience {flame, Dex+4}
  5664 | D:5      | Noticed Prince Ribbit
  5694 | D:5      | Killed Prince Ribbit
  5695 | D:5      | Reached XP level 8. HP: 35/84 MP: 11/11
  6288 | D:5      | Found a glowing silver altar of Zin.
  6288 | D:5      | Noticed an angel
  6347 | D:6      | Noticed Eustachio
  6367 | D:5      | Killed Eustachio
  6818 | D:6      | Found a snail-covered altar of Cheibriados.
  7090 | D:6      | Cast into level 1 of the Abyss (orc warrior)
  7129 | Abyss:1  | Noticed a starcursed mass
  7130 | Abyss:1  | Found a corrupted altar of Lugonu.
  7133 | Abyss:1  | Became a worshipper of Lugonu the Unformed
  7133 | Abyss:1  | Reached * piety under Lugonu
  7303 | Abyss:2  | Noticed a large abomination
  7306 | Abyss:2  | Noticed a raiju
  7307 | D:6      | Escaped the Abyss
  7321 | D:6      | Slain by an orc warrior

Illustrated notes

Levels and vault maps discovered:
D:1:      dpeg_arrival_signposts, layout_loops_ring,
          dilly_ecumenical_altar_fadedgnrine, glass_columns_a
D:2:      layout_rooms
D:3:      minmay_thinvault, layout_basic, mainiacjoe_overflow_paths, uniq_robin
D:4:      layout_loops_ring
D:5:      layout_loops_ring, zin_angel, uniq_prince_ribbit1
D:6:      layout_loops_ring, slow_altar_1, temple_pool_b, uniq_eustachio

Skill      XL: |  1  2  3  4  5  6  7  8 |
---------------+-------------------------+-----
Fighting       | 3 4 5 6 8 |  8.0
Axes           | 3 4 5 6 8 |  8.4
Throwing       | 2 |  2.0
Evocations     | 1 2 3 |  3.0
Dodging        | |  2.1
Spellcasting   | |  2.4
Translocations | |  2.6

Action                   |  1- 3 |  4- 6 |  7- 9 || total
-------------------------+-------+-------+-------++-------
Melee: Hand axe          |   118 |    91 |       ||   209
       Punch             |     1 |       |     4 ||     5
       Dagger            |    32 |       |       ||    32
       Spear             |       |    46 |   134 ||   180
 Cast: Blink             |     1 |       |       ||     1
Invok: Depart the Abyss  |       |       |     1 ||     1
Evoke: Wand              |       |     1 |     6 ||     7
  Use: Scroll            |     2 |     1 |     3 ||     6
       Potion            |       |       |     6 ||     6
 Stab: Paralysed         |       |     7 |     7 ||    14
       Sleeping          |       |     1 |     2 ||     3
Armor: Robe              |    76 |    57 |    21 ||   154
       Skin              |       |       |    14 ||    14
Dodge: Dodged            |    97 |    71 |    32 ||   200

Table legend: (Time is in decaauts)
 A = Elapsed time spent in this place.
 B = Non-inter-level travel time spent in this place.
 C = Inter-level travel time spent in this place.
 D = Time resting spent in this place.
 E = Time spent auto-exploring this place.
 F = Levels seen in this place.
 G = Mean time per level.
                   A        B        C        D        E       F      G
               +--------+--------+--------+--------+--------+-----+--------+
         Total |   7337 |   7021 |    316 |   2142 |   3583 |   8 |  917.1 |
       Dungeon |   7122 |   6806 |    316 |   1979 |   3583 |   6 | 1187.0 |
         Abyss |    215 |    215 |      0 |    163 |      0 |   2 |  107.5 |
               +--------+--------+--------+--------+--------+-----+--------+

Top non-repeatable levels by time:
     D:3: 1772 daAuts
     D:5: 1527 daAuts
     D:2: 1410 daAuts
     D:1: 1052 daAuts
     D:4: 915 daAuts
     D:6: 444 daAuts
 Abyss:2: 156 daAuts
 Abyss:1: 58 daAuts
